 Dungeon Crawl Stone Soup version 0.23.0-3-gf3c87f2 (webtiles) character file.

Game seed: 2719926659709010314

62 xccam the Covered (level 4, -4/34 HPs)
             Began as a Gnoll Wanderer on Feb 20, 2019.
             Slain by Terence
             ... wielding a +0 morningstar
              (7 damage)
             ... on level 2 of the Dungeon.
             The game lasted 00:03:56 (1325 turns).

xccam the Covered (Gnoll Wanderer)                  Turns: 1325, Time: 00:03:56

Health: -4/34      AC:  7    Str: 13    XL:     4   Next: 8%
Magic:  5/5        EV: 11    Int: 18    God:
Gold:   93         SH:  0    Dex: 10    Spells: 5/5 levels left

rFire    . . .     SeeInvis .   b - +0 hand axe
rCold    . . .     Gourm    .   (no shield)
rNeg     . . .     Faith    .   d - +0 ring mail
rPois    .         Spirit   .   (no helmet)
rElec    .         Reflect  .   (no cloak)
rCorr    .         Harm     .   (no gloves)
MR       .....                  j - +0 pair of boots (curse)
Stlth    +.........             (no amulet)
HPRegen  0.11/turn              i - -3 ring of strength (curse)
MPRegen  0.09/turn              (no ring)

@: no status effects
A: distributed training, fangs 1, strong nose
a: no special abilities


You were on level 2 of the Dungeon.
You were very hungry.

You visited 1 branch of the dungeon, and saw 2 of its levels.

You collected 93 gold pieces.

Inventory:

Hand Weapons
 a - a +2 blowgun
 b - a +0 hand axe (weapon)
Missiles
 c - a curare-tipped needle
Armour
 d - a +0 ring mail (worn)
 j - a cursed +0 pair of boots (worn)
Jewellery
 i - a cursed -3 ring of strength (left hand)
Scrolls
 k - 2 scrolls of fear
 m - 2 scrolls of teleportation
Comestibles
 f - 8 rations


   Skills:
 + Level 2.7 Fighting
 + Level 2.7 Short Blades
 + Level 1.0 Long Blades
 + Level 4.6 Axes
 + Level 1.0 Maces & Flails
 + Level 1.0 Polearms
 + Level 1.0 Staves
 + Level 1.0 Slings
 + Level 1.0 Bows
 + Level 1.0 Crossbows
 + Level 4.6 Throwing
 + Level 6.5 Armour
 + Level 2.7 Dodging
 + Level 1.0 Stealth
 + Level 1.0 Shields
 + Level 1.0 Unarmed Combat
 + Level 1.0 Spellcasting
 + Level 0.7 Conjurations
 + Level 0.7 Hexes
 + Level 0.7 Charms
 + Level 0.7 Summonings
 + Level 0.7 Necromancy
 + Level 0.7 Translocations
 + Level 0.7 Transmutations
 + Level 0.7 Fire Magic
 + Level 0.7 Ice Magic
 + Level 0.7 Air Magic
 + Level 0.7 Earth Magic
 + Level 0.7 Poison Magic
 + Level 1.1 Invocations
 + Level 1.0 Evocations


You had 5 spell levels left.
You didn't know any spells.
Your spell library was empty.

Dungeon Overview and Level Annotations

Branches:
Dungeon (2/15)

Altars:
Elyvilon
Uskayaw

Annotations:
D:2 Terence


Innate Abilities, Weirdness & Mutations

Your experience applies equally to all skills.
You have very sharp teeth.
Your uncanny sense of smell can sniff out nearby items.


Message History

Terence closely misses you.
You hit Terence.
Terence is heavily wounded.
Terence barely misses you.
You hit Terence but do no damage. Your bite misses Terence.
Terence is heavily wounded.
Terence closely misses you.
You barely miss Terence.
Terence is heavily wounded.
Terence hits you but does no damage.
You closely miss Terence. You bite Terence, but do no damage.
Terence is heavily wounded.
Terence closely misses you.
You hit Terence.
Terence is heavily wounded.
Terence closely misses you.
You hit Terence but do no damage.
Terence is heavily wounded.
Terence hits you with a +0 morningstar!
You die...

#.##### #.# #.# #.# #.#
# #.#### #.#. #.##.## #
###...#########.#...####
......@@†..............'
#........######.#...####
#.##.###<# #.##.## # ..
..# #.######## #.. ##.#
##......... #> #.#
##.#.####### # #.#
#.###....# # .)#
##.#.###.### ##..###....


You could see Terence.

Vanquished Creatures
  3 adders (D:2)
  An ooze (D:1)
  4 bats
  A giant cockroach (D:1)
  7 goblins
  4 hobgoblins (D:1)
  5 frilled lizards
  3 kobolds
  3 rats
31 creatures vanquished.

Notes
Turn   | Place    | Note
-------+----------+-------------------------------------------
     0 | D:1      | xccam the Gnoll Wanderer began the quest for the Orb.
     0 | D:1      | xccam set off with the following items: a curare-tipped
                  | needle, a +2 blowgun, a +0 short sword, a +0 ring mail, a
                  | ration
     0 | D:1      | Reached XP level 1. HP: 17/17 MP: 1/1
   118 | D:1      | Reached XP level 2. HP: 19/23 MP: 2/2
   419 | D:1      | Reached XP level 3. HP: 26/28 MP: 3/3
   668 | D:2      | Noticed a hippogriff
   813 | D:2      | Reached skill level 1 in Invocations
   966 | D:2      | Reached skill level 1 in Long Blades
   966 | D:2      | Reached skill level 1 in Maces & Flails
   966 | D:2      | Reached skill level 1 in Polearms
   966 | D:2      | Reached skill level 1 in Staves
   966 | D:2      | Reached skill level 1 in Slings
   966 | D:2      | Reached skill level 1 in Bows
   966 | D:2      | Reached skill level 1 in Crossbows
   966 | D:2      | Reached skill level 1 in Stealth
   966 | D:2      | Reached skill level 1 in Shields
   966 | D:2      | Reached skill level 1 in Unarmed Combat
   966 | D:2      | Reached skill level 1 in Spellcasting
   966 | D:2      | Reached skill level 1 in Evocations
   966 | D:2      | Reached XP level 4. HP: 32/34 MP: 5/5
  1095 | D:2      | Found a white marble altar of Elyvilon.
  1095 | D:2      | Found a hide-covered altar of Uskayaw.
  1283 | D:2      | Noticed Terence
  1325 | D:2      | Slain by Terence

Skill      XL: |  1  2  3 |
---------------+----------+-----
Invocations    | 1 |  1.1
Long Blades    | 1 |  1.0
Maces & Flails | 1 |  1.0
Polearms       | 1 |  1.0
Staves         | 1 |  1.0
Slings         | 1 |  1.0
Bows           | 1 |  1.0
Crossbows      | 1 |  1.0
Stealth        | 1 |  1.0
Shields        | 1 |  1.0
Unarmed Combat | 1 |  1.0
Spellcasting   | 1 |  1.0
Evocations     | 1 |  1.0
Fighting       | |  2.7
Short Blades   | |  2.7
Axes           | |  4.6
Throwing       | |  4.6
Armour         | |  6.5
Dodging        | |  2.7
Conjurations   | |  0.7
Hexes          | |  0.7
Charms         | |  0.7
Summonings     | |  0.7
Necromancy     | |  0.7
Translocations | |  0.7
Transmutations | |  0.7
Fire Magic     | |  0.7
Ice Magic      | |  0.7
Air Magic      | |  0.7
Earth Magic    | |  0.7
Poison Magic   | |  0.7

Action                   |  1- 3 |  4- 6 || total
-------------------------+-------+-------++-------
Melee: Short sword       |    34 |       ||    34
       Bite              |     4 |     2 ||     6
       Hand axe          |    58 |    46 ||   104
  Use: Potion            |       |     5 ||     5
       Scroll            |       |     3 ||     3
Armor: Ring mail         |    33 |    17 ||    50
Dodge: Dodged            |    58 |    24 ||    82
